 Dungeon Crawl Stone Soup version 0.30.1-11-g7821555f0a (webtiles) character file.

Game seed: 9123797400523190488

699 Okkudo the Cleaver (level 7, -2/59 HPs)
             Began as a Hill Orc Monk on Nov 29, 2023.
             Was a Believer of Beogh.
             Slain by Edmund
             ... wielding a +2 dire flail of venom
              (12 damage)
             ... on level 7 of the Dungeon.
             The game lasted 00:14:50 (4865 turns).

Okkudo the Cleaver (Hill Orc Monk)                  Turns: 4865, Time: 00:14:50

Health: -2/59      AC:  9    Str: 16    XL:     7   Next: 65%
Magic:  8/8        EV: 11    Int: 10    God:    Beogh [**....]
Gold:   235        SH:  0    Dex: 13    Spells: 6/6 levels left

rFire   . . .        s - +0 war axe
rCold   . . .        d - orb {light}
rNeg    . . .        h - +0 ring mail
rPois   .            (no helmet)
rElec   .            (no cloak)
rCorr   .            (no gloves)
SInv    .            (no boots)
Will    .....        (no amulet)
Stlth   +            l - +4 ring of protection
HPRegen 0.29/turn    (no ring)
MPRegen 0.11/turn

%: no passive effects
@: glowing
A: no striking features
a: Renounce Religion, Smiting


You were on level 7 of the Dungeon.
You worshipped Beogh.
Beogh was pleased with you.
You visited 1 branch of the dungeon, and saw 7 of its levels.

You collected 235 gold pieces.

Inventory:

Hand Weapons
 s - a +0 war axe (weapon)
 w - a +0 trident
Missiles
 n - 13 poisoned darts (quivered)
 t - 5 javelins
Armour
 d - an orb of light (worn)
 h - a +0 ring mail (worn)
Jewellery
 l - a +4 ring of protection (left hand)
Wands
 q - a wand of polymorph (1)
 r - a wand of iceblast (11)
Scrolls
 a - 2 scrolls of noise
 f - a scroll of blinking
 j - a scroll of amnesia
 m - a scroll of vulnerability
 o - 2 scrolls of enchant armour
 v - a scroll of teleportation
 x - a scroll of torment {unknown}
Potions
 b - a potion of brilliance {unknown}
 c - 2 potions of ambrosia
 e - a potion of heal wounds
 g - 3 potions of flight {unknown}
 i - a potion of haste {unknown}
 k - a potion of degeneration {unknown}
 p - a potion of lignification {unknown}
 u - a potion of might


   Skills:
 + Level 4.1 Fighting
 * Level 10.7 Axes
 + Level 1.4 Armour
 - Level 2.4 Dodging
 + Level 1.7 Invocations


You had 6 spell levels left.
You didn't know any spells.
Your spell library contained the following spells:

 Spells                   Type           Power      Damage    Failure   Level
 Lesser Beckoning         Tloc           0%         N/A       71%         2
 Gell's Gravitas          Tloc           0%         N/A       91%         3
 Inner Flame              Hex/Fire       0%         N/A       91%         3
 Teleport Other           Tloc           0%         N/A       91%         3
 Flame Wave               Conj/Fire      0%         2d4       100%        4
 Sticky Flame             Conj/Fire      0%         2d3       100%        4


Dungeon Overview and Level Annotations

Branches:
Dungeon (7/15)             Temple (0/1) D:4

Altars:
Hepliaklqana
Uskayaw
Vehumet

Shops:
D:1 ?   D:5 =

Annotations:
D:7 Edmund


Message History

You feel sick. The hound barely misses you.
The hound bites you but does no damage.
You climb downwards.
You feel sick.
You are no longer poisoned.
Found 8 gold pieces.
Found a stone staircase leading down.
There is a stone staircase leading up here.
You barely miss the hound. The hound bites you but does no damage.
You hit the hound but do no damage. The hound barely misses you. x2
You slash the hound!
You kill the hound!
Beogh accepts your kill.
You start resting.
HP restored.
You now have 235 gold pieces (gained 8).
There is a stone staircase leading up here.
You climb upwards.
Level annotation: Edmund The ogre hits you with a +0 giant spiked club!
Edmund says, "People accused me of being a cutpurse!"
The sleepcap completely misses you. The sleepcap barely misses you.
There is a stone staircase leading down, spattered with blood here.
You hit the sleepcap but do no damage. You hit the ogre.
The ogre hits you with a +0 giant spiked club.
The sleepcap closely misses you.
You hit the sleepcap but do no damage. You slash Edmund!
You hit the ogre but do no damage. The sleepcap releases spores at you.
You are engulfed in a cloud of soporific spores!
You fall asleep.
The ogre hits you with a +0 giant spiked club!!
You wake up.
Edmund zaps a wand.
The bolt of dispelling energy hits you!
* * * LOW HITPOINT WARNING * * *
The sleepcap barely misses you.
Edmund zaps a wand.
The bolt of dispelling energy misses you.
You climb downwards.
There is a stone staircase leading up here.
The sleepcap attacks as you move away!
The sleepcap releases spores at you but does no damage.
Edmund attacks as you move away!
Edmund hits you with a +2 dire flail of venom!
You die...

#... #...
#.... ##....
#####...#
####.......#
##.........#
#.....f@..#
#.....@O.##
#.......##
##......#
##.....#
#......#
#......##
....>##.#
....# ###


You could see Edmund, an ogre and a sleepcap.

Vanquished Creatures
  2 black bears
  2 scorpions
  A jelly (D:5)
  A hound (D:7)
  Jessica (D:3)
  2 orc wizards (D:4)
  An iguana (D:5)
  3 sleepcaps
  Terence (D:3)
  6 adders
  A river rat (D:5)
  3 worms
  4 dart slugs
  6 orcs
  6 endoplasms
  4 giant cockroaches
  6 goblins
  A hobgoblin (D:2)
  3 jackals (D:5)
  3 quokkas
  4 ball pythons
  6 bats
  A frilled lizard (D:1)
  5 kobolds
  2 rats
75 creatures vanquished.

Vanquished Creatures (others)
  2 orc priests (D:4)
  5 orcs (D:4)
  A hobgoblin (D:4)
8 creatures vanquished.

Grand Total: 83 creatures vanquished

Notes
Turn   | Place    | Note
-------+----------+-------------------------------------------
     0 | D:1      | Okkudo the Hill Orc Monk began the quest for the Orb.
     0 | D:1      | Reached XP level 1. HP: 19/19 MP: 1/1
   206 | D:1      | Reached XP level 2. HP: 26/26 MP: 2/2
   307 | D:1      | Found Muobbav's Magic Scroll Boutique.
   856 | D:1      | Reached skill level 5 in Axes
  1177 | D:2      | Reached XP level 3. HP: 31/31 MP: 3/3
  1486 | D:3      | Found a radiant altar of Vehumet.
  1692 | D:3      | Noticed Terence
  1708 | D:3      | Killed Terence
  1709 | D:3      | Reached skill level 6 in Axes
  1709 | D:3      | Reached XP level 4. HP: 39/39 MP: 4/4
  1815 | D:3      | Noticed Jessica
  1821 | D:3      | Killed Jessica
  2128 | D:3      | Reached skill level 7 in Axes
  2237 | D:3      | Found a hazy altar of Hepliaklqana.
  2285 | D:3      | You fall into a shaft and drop 2 floors!
  2285 | D:5      | Entered Level 5 of the Dungeon
  2345 | D:5      | Noticed a scorpion
  2367 | D:4      | Noticed a scorpion
  2407 | D:4      | Killed a scorpion
  2408 | D:4      | Reached XP level 5. HP: 45/45 MP: 5/5
  2437 | D:4      | Reached skill level 8 in Axes
  2872 | D:4      | Became a worshipper of Beogh the Brigand
  2872 | D:4      | Reached * piety under Beogh
  2872 | D:4      | Reached ** piety under Beogh
  2894 | D:4      | Reached XP level 6. HP: 31/51 MP: 6/6
  2971 | D:4      | Found a staircase to the Ecumenical Temple.
  3009 | D:4      | Noticed a black bear
  3030 | D:4      | Killed a black bear
  3031 | D:4      | Reached skill level 9 in Axes
  3313 | D:4      | Found a hide-covered altar of Uskayaw.
  3730 | D:5      | Noticed a black bear
  3758 | D:5      | Killed a black bear
  3759 | D:5      | Reached skill level 10 in Axes
  3759 | D:5      | Reached XP level 7. HP: 31/57 MP: 7/7
  4130 | D:5      | Reached skill level 1 in Invocations
  4296 | D:5      | Reached skill level 1 in Armour
  4462 | D:5      | Found Moseos's Jewellery Boutique.
  4635 | D:6      | Noticed Edmund
  4865 | D:7      | Slain by Edmund

Illustrated notes

Levels and vault maps discovered:
D:1:      dpeg_arrival_water_fire, layout_loops_ring, serial_shops, shop
D:2:      layout_rooms, kennysheep_nondescript, corner_web_ring
D:3:      layout_loops_corners, mainiacjoe_overflow_surrounded_room,
          nicolae_overflow_hidden_temple, st_stairs_5, uniq_terence,
          uniq_jessica
D:4:      layout_cave_pools, nicolae_uskayaw_murder_on_the_dancefloor,
          temple_green
D:5:      layout_loops_cross, serial_shops, nicolae_shop_gaudy_bauble,
          gup_sewer_entry_bubbles
D:6:      layout_rooms, uniq_sigmund, uniq_edmund, uniq_menkaure
D:7:      layout_cave_pods, tgw_sif, mainiacjoe_overflow_alcove_1

Skill      XL: |  1  2  3  4  5  6  7 |
---------------+----------------------+-----
Axes           | 5 6 7 8 10 | 10.7
Invocations    | 1 |  1.7
Armour         | 1 |  1.4
Fighting       | 4 |  4.1
Dodging        | |  2.4

Action                     |  1- 3 |  4- 6 |  7- 9 || total
---------------------------+-------+-------+-------++-------
  Melee: Hand axe          |    80 |     8 |       ||    88
         War axe           |       |   119 |    62 ||   181
  Throw: Dart              |       |     5 |       ||     5
 Invoke: Convert to Beogh  |       |     1 |       ||     1
    Use: Scroll            |       |     7 |       ||     7
 Armour: Robe              |    17 |       |       ||    17
         Skin              |    12 |       |       ||    12
         Scale mail        |       |    56 |       ||    56
         Ring mail         |       |     7 |    27 ||    34
  Dodge: Dodged            |    56 |    71 |    32 ||   159
